 Dungeon Crawl Stone Soup version 0.25-a0-796-gd415a3ffb0 (webtiles) character file.

Game seed: 11008003500225213118, levelgen mode: deterministic

245 MisterFreud the Changer (level 6, -2/38 HPs)
             Began as an Octopode Transmuter on Apr 18, 2020.
             Slain by Duvessa
             ... wielding a cursed -1 short sword
              (3 damage)
             ... on level 4 of the Dungeon.
             The game lasted 00:08:30 (4349 turns).

MisterFreud the Changer (Octopode Transmuter)       Turns: 4349, Time: 00:08:31

Health: -2/38      AC:  2    Str: 10    XL:     6   Next: 10%
Magic:  7/10       EV: 21    Int: 17    God:
Gold:   151        SH:  0    Dex: 17    Spells: 5/11 levels left

rFire    . . .     SeeInvis .     - Unarmed
rCold    . . .     Gourm    .   (shield currently unavailable)
rNeg     . . .     Faith    .   (helmet currently unavailable)
rPois    x         Spirit   .   (no amulet)
rElec    .         Reflect  .   m - ring of stealth
rCorr    .         Harm     .   (no ring)
MR       .....                  (no ring)
Stlth    +++.......             (no ring)
HPRegen  0.12/turn              (no ring)
MPRegen  0.12/turn              (no ring)
                                (no ring)
                                (no ring)

@: spider-form (expiring)
A: tiny, almost no armour, stealthy swim, (amphibious), 8 rings, (constrict 8)
a: End Transformation


You were on level 4 of the Dungeon.
You were not hungry.
You were a venomous arachnid creature.
You visited 1 branch of the dungeon, and saw 5 of its levels.

You collected 151 gold pieces.

Inventory:

Missiles
 a - 21 arrows
 e - 171 stones (quivered)
 o - 68 bolts
Jewellery
 m - a ring of stealth (left front leg)
Scrolls
 d - 3 scrolls of teleportation
 i - a scroll of enchant armour {unknown}
 l - a scroll of remove curse
 n - a scroll of identify {unknown}
Potions
 b - 2 potions of haste {unknown}
 f - 2 potions of cancellation {unknown}
 g - a potion of ambrosia {unknown}
 h - a potion of curing {unknown}
 j - a potion of berserk rage {unknown}
 k - a potion of magic {unknown}
 p - a potion of resistance {unknown}
Comestibles
 c - 4 rations
 q - 2 chunks of flesh


   Skills:
 - Level 1.0 Fighting
 + Level 3.1 Dodging
 - Level 3.0 Unarmed Combat
 - Level 3.0 Spellcasting
 - Level 5.0 Transmutations


You had 5 spell levels left.
You knew the following spells:

 Your Spells              Type           Power        Failure   Level  Hunger
a - Beastly Appendage     Tmut           ###...       9%          1    None
b - Sticks to Snakes      Tmut           ###.....     11%         2    ##.....
c - Spider Form           Tmut/Pois      ##........   38%         3    ###....

Your spell library contained the following spells:

 Spells                   Type           Power        Failure   Level  Hunger
 Ice Form                 Ice/Tmut       ##......     73%         4    ####...
 Blade Hands              Tmut           ###.......   73%         5    ######.


Dungeon Overview and Level Annotations

Branches:
Dungeon (5/15)             Temple (0/1) D:4

Altars:
Ashenzari
Elyvilon
Qazlal

Annotations:
D:4 Dowan, Duvessa


Innate Abilities, Weirdness & Mutations

You cannot wear most types of armour.
You are very stealthy in the water. (Stealth+)
((You are amphibious.))
You can wear up to eight rings at the same time.
((You can use your tentacles to constrict eight enemies at once.))
((Your skin changes colour to match your surroundings (Stealth+).))
((Your rubbery body absorbs attacks. (AC +1, EV +1)))


Message History

Dowan blinks!
You hit Duvessa but do no damage. Duvessa closely misses you.
The hound skeleton misses you.
Dowan gestures wildly while chanting.
Dowan blinks!
You hit Duvessa but do no damage.
Duvessa looks as sick as possible!
Duvessa hits you with a cursed -1 short sword!
The hound skeleton misses you. Duvessa closely misses you.
The phantom blinks!
You hit Duvessa but do no damage.
Duvessa looks as sick as possible!
Duvessa is lightly wounded.
The hound skeleton completely misses you.
Duvessa hits you with a cursed -1 short sword.
* * * LOW HITPOINT WARNING * * *
The hound skeleton misses you.
Your transformation is almost over.
Duvessa hits you with a cursed -1 short sword!
* * * LOW HITPOINT WARNING * * *
The hound skeleton bites you but does no damage.
Duvessa hits you with a cursed -1 short sword.
You die...

.######.####.###
### ... ... ##.##
.. #.# #.##.#
##..#.######
.ยง.........#####
........#%......
.......es.......
.......WZ.......
...e....#.......
..)..<$.........
.....>..........
........########
..$...........####
........#####.#...#
........# #.#...#


You could see a phantom, Duvessa, Dowan and a hound skeleton.

Vanquished Creatures
  2 worker ants (D:4)
  Robin (D:2)
  4 gnolls (D:4)
  2 adders
  3 oozes (D:3)
  An adder skeleton (D:4)
  7 leopard geckos
  7 orcs
  A ball python (D:1)
  5 giant cockroaches
  14 goblins
  18 hobgoblins
  9 jackals
  A quokka (D:3)
  7 bats
  3 frilled lizards (D:3)
  A leopard gecko skeleton (D:4)
  7 rats
93 creatures vanquished.

Notes
Turn   | Place    | Note
-------+----------+-------------------------------------------
     0 | D:1      | MisterFreud the Octopode Transmuter began the quest for the
                  | Orb.
     0 | D:1      | Reached XP level 1. HP: 13/13 MP: 3/3
   245 | D:1      | Reached XP level 2. HP: 10/18 MP: 3/5
   700 | D:1      | Reached skill level 3 in Transmutations
   707 | D:1      | Reached XP level 3. HP: 19/23 MP: 6/6
   722 | D:1      | Learned a level 2 spell: Sticks to Snakes
   726 | D:1      | Learned a level 3 spell: Spider Form
  1122 | D:2      | Noticed Robin
  1206 | D:2      | Killed Robin
  1373 | D:2      | Reached XP level 4. HP: 25/28 MP: 4/8
  2155 | D:3      | Reached skill level 4 in Transmutations
  2328 | D:3      | Found a white marble altar of Elyvilon.
  2524 | D:3      | Reached XP level 5. HP: 33/33 MP: 5/9
  3017 | D:4      | Found a staircase to the Ecumenical Temple.
  3024 | D:4      | Noticed a phantom
  3042 | D:4      | HP: 1/33 [gnoll/+0 spear (7)]
  3340 | D:4      | Reached skill level 5 in Transmutations
  3663 | D:4      | Noticed a phantom
  4033 | D:5      | Entered Level 5 of the Dungeon
  4035 | D:5      | Found a shattered altar of Ashenzari.
  4058 | D:4      | Reached XP level 6. HP: 31/38 MP: 10/10
  4067 | D:4      | Noticed Dowan
  4073 | D:4      | Noticed Duvessa
  4241 | D:4      | Found a stormy altar of Qazlal.
  4349 | D:4      | HP: 1/38 [Duvessa/cursed -1 short sword (7)]
  4349 | D:4      | Slain by Duvessa

Levels and vault maps discovered:
D:1:      dpeg_arrival_stone_temple_mockup, layout_loops_ring,
          hangedman_decor_peaks_small
D:2:      layout_loops_corners, uniq_robin
D:3:      layout_loops_ring, elyvilon_altar_3, first_ration,
          portal_sewer_entry_f
D:4:      layout_basic, kennysheep_little_box, marbit_many_paths,
          minmay_temple_entry_stoned_glass, uniq_duvessa
D:5:      minmay_polygon_palace, layout_gridville, lemuel_doored_altar

Skill      XL: |  1  2  3  4  5 |
---------------+----------------+-----
Transmutations | 3 4 5 |  5.0
Spellcasting   | 3 |  3.0
Dodging        | 3 |  3.1
Fighting       | |  1.0
Unarmed Combat | |  3.0

Action                   |  1- 3 |  4- 6 || total
-------------------------+-------+-------++-------
Melee: Unarmed           |    68 |   155 ||   223
       Kick              |    15 |       ||    15
       Constrict         |    15 |    23 ||    38
       Tentacles         |     5 |    19 ||    24
       Punch             |       |     1 ||     1
 Cast: Beastly Appendage |    15 |     1 ||    16
       Spider Form       |     2 |     8 ||    10
       Sticks to Snakes  |       |     1 ||     1
  Use: Scroll            |       |     3 ||     3
 Stab: Sleeping          |     3 |     6 ||     9
  Eat: Chunk             |     1 |     5 ||     6
       Ration            |       |     2 ||     2
Armor: Skin              |     2 |    13 ||    15
Dodge: Dodged            |    33 |    97 ||   130

Table legend:
 A = Non-vault XP
 B = Vault XP
 C = Vault XP percentage of total XP
 D = Non-vault monster count
 E = Vault monster count
 F = Vault count percentage of total count
                 A         B        C        D         E       F
            +---------+---------+-------+---------+---------+-------
      Total |     301 |      49 |  14.0 |      77 |      16 |  17.2
            +---------+---------+-------+---------+---------+-------
        D:1 |      48 |       2 |   4.0 |      27 |       1 |   3.6
        D:2 |      36 |      33 |  47.8 |      14 |      10 |  41.7
        D:3 |      62 |      14 |  18.4 |      24 |       5 |  17.2
        D:4 |     155 |       0 |   0.0 |      12 |       0 |   0.0
            +---------+---------+-------+---------+---------+-------
